 Dungeon Crawl Stone Soup version 0.21.1-1-g345015f (webtiles) character file.

56 Monsterracer the Ducker (level 3, -2/19 HPs)
             Began as a Spriggan Berserker on May 25, 2018.
             Was a Follower of Trog.
             Slain by an orc
             ... wielding a +0 hand axe
              (4 damage)
             ... on level 4 of the Dungeon.
             The game lasted 00:04:34 (766 turns).

Monsterracer the Ducker (Spriggan Berserker)         Turns: 766, Time: 00:04:35

Health: -2/19      AC:  2    Str: 13    XL:     3   Next: 71%
Magic:  13/13      EV: 20    Int: 12    God:    Trog [*.....]
Gold:   59         SH:  0    Dex: 16    Spells: 2/2 levels left

rFire    . . .     SeeInvis +   a - +0 short sword
rCold    . . .     Gourm    .   (shield restricted)
rNeg     . . .     Faith    .   i - +0 animal skin
rPois    .         Spirit   .   (helmet restricted)
rElec    .         Reflect  .   (no cloak)
rCorr    .         Harm     .   (gloves unavailable)
MR       .....                  (boots unavailable)
Stlth    ++........             (no amulet)
HPRegen  0.06/turn              f - ring of magical power
MPRegen  0.13/turn              d - +4 ring of intelligence

@: berserk cooldown, slowed, quick
A: very small, unfitting armour, see invisible, herbivore, speed 3, slow
metabolism 2
a: Berserk, Burn Spellbooks, Renounce Religion


You were on level 4 of the Dungeon.
You worshipped Trog.
Trog was aware of your devotion.
You were not hungry.

You visited 1 branch of the dungeon, and saw 4 of its levels.

You collected 59 gold pieces.

Inventory:

Hand Weapons
 a - a +0 short sword (weapon)
 b - a +0 arbalest
Armour
 i - a +0 animal skin (worn)
Jewellery
 d - a +4 ring of intelligence (right hand)
 f - a ring of magical power (left hand)
Comestibles
 c - 3 rations


   Skills:
 + Level 2.8 Fighting
 - Level 3.4 Short Blades
 * Level 1.7 Crossbows
 + Level 5.0 Dodging
 + Level 2.0 Stealth


You had 2 spell levels left.
You didn't know any spells.

Dungeon Overview and Level Annotations

Branches:
Dungeon (4/15)
 Temple: D:4-7

Altars:
Qazlal


Innate Abilities, Weirdness & Mutations

You are very small and have problems with some larger weapons.
You are too small for most types of armour.
You have supernaturally acute eyesight. (SInv)
You are a herbivore.
You cover ground extremely quickly.
You need consume almost no food.


Message History

Health restored: 11 You feel sick.
You take 1 damage, and have 10/11 hp.
You feel sick.
You take 1 damage, and have 9/11 hp.
You feel sick.
You take 1 damage, and have 8/11 hp.
You feel sick.
You take 1 damage, and have 7/11 hp.
You feel sick.
You take 1 damage, and have 6/11 hp.
The jackal bites you.
* * * LOW HITPOINT WARNING * * *
You take 3 damage, and have 3/11 hp.
MASSIVE DAMAGE!!
You miss the jackal.
* * * LOW HITPOINT WARNING * * *
You feel sick. The jackal closely misses you.
You take 1 damage, and have 2/11 hp.
You feel much better. The jackal bites you.
You regained 7 hp, and now have 9/11 hp.
You barely miss the jackal. The jackal misses you.
The jackal closely misses you.
You hit the jackal.
The jackal is heavily wounded.
The jackal completely misses you.
As you read the scroll labeled USTEBLEBRUXT, it crumbles to dust.
The scroll dissolves into smoke.
It was a scroll of fog.
You feel sick. The jackal misses you.
You take 1 damage, and have 8/11 hp.
As you read the scroll labeled OQUKLU VA QYDE, it crumbles to dust.
It is a scroll of identify.
i - a +0 arbalest The jackal misses you.
The jackal bites you.
* * * LOW HITPOINT WARNING * * *
You take 3 damage, and have 5/11 hp.
MASSIVE DAMAGE!!
A red film seems to cover your vision as you go berserk!
You feel yourself moving faster!
You feel mighty!
You feel a lot more hungry. The jackal bites you.
* * * LOW HITPOINT WARNING * * *
You now have 5/16 hp.
You hit the jackal.
You kill the jackal!
Trog accepts your kill.
You barely miss the adder skeleton. You puncture the adder skeleton!
The adder skeleton is almost destroyed.
You feel sick.
You are no longer poisoned.
The adder skeleton closely misses you.
The worker ant waves its antennae.
You take 1 damage, and have 4/16 hp.
You puncture the adder skeleton!
You destroy the adder skeleton!
Trog accepts your kill.
You have reached level 2!
You regained 3 hp, and now have 7/24 hp.
MP restored: 12 You puncture the worker ant!
The worker ant is almost dead.
The worker ant bites you.
* * * LOW HITPOINT WARNING * * *
You take 6 damage, and have 1/24 hp.
MASSIVE DAMAGE!!
You puncture the worker ant!
You kill the worker ant!
Trog accepts your kill.
Your Crossbows skill increases to level 1!
Your Stealth skill increases to level 1!
You have reached level 3!
Your experience leads to an increase in your attributes!
Your base attributes are Str 13, Int 8, Dex 15.
Increase (S)trength, (I)ntelligence, or (D)exterity?
You feel agile.
MP restored: 13 You hit the worker ant.
The worker ant is lightly wounded.
You hit the worker ant.
The worker ant is heavily wounded.
The worker ant barely misses you.
You puncture the worker ant!
You kill the worker ant!
Trog accepts your kill.
Your Dodging skill increases to level 5!
Your Stealth skill increases to level 2!
You start resting.
You feel a strong urge to attack something.
You are no longer berserk.
You are exhausted.
You feel yourself slow down.
You now have 1/19 hp.
Adjust (i)tems, (s)pells, or (a)bilities?
Adjust which item? (? for menu, Esc to quit)
i - a +0 arbalest Adjust to which letter? (? for menu, Esc to quit)
b - a +0 arbalest;
i - a +0 animal skin (worn)
You start resting.
You barely miss the orc. The orc closely misses you.
You hit the orc.
The orc is severely wounded.
The orc hits you with a hand axe.
You die...

#######
#@o§§.##
####§..##
###..########
##.a......##
##........#
##Z......#
#..a######
#..## #.##


You could see an orc.

Vanquished Creatures
  2 worker ants (D:4)
  An adder skeleton (D:4)
  3 bats (D:3)
  A jackal (D:4)
  A quokka (D:3)
  A frilled lizard (D:3)
9 creatures vanquished.

Notes
Turn   | Place    | Note
-------+----------+-------------------------------------------
     0 | D:1      | Monsterracer the Spriggan Berserker began the quest for the Orb.
     0 | D:1      | Reached XP level 1. HP: 11/11 MP: 2/2
   126 | D:3      | Noticed an orc priest
   247 | D:3      | Found a stormy altar of Qazlal.
   258 | D:3      | HP: 5/11 [orc/dagger (2)]
   288 | D:3      | HP: 3/11 [bat (1)]
   296 | D:3      | HP: 3/11 [bat (1)]
   302 | D:3      | HP: 2/11 [bat (1)]
   630 | D:4      | Noticed a hound
   632 | D:4      | Noticed an iguana
   653 | D:4      | Noticed a worker ant
   674 | D:4      | Noticed a worker ant
   743 | D:4      | HP: 3/11 [jackal (3)]
   749 | D:4      | HP: 5/11 [jackal (3)]
   754 | D:4      | Reached XP level 2. HP: 7/16 MP: 3/3
   756 | D:4      | HP: 1/24 [worker ant (6)]
   757 | D:4      | Reached skill level 1 in Crossbows
   757 | D:4      | Reached skill level 1 in Stealth
   757 | D:4      | Reached XP level 3. HP: 1/19 MP: 4/4
   760 | D:4      | Reached skill level 5 in Dodging
   766 | D:4      | Slain by an orc

Skill      XL: |  1  2  3 |
---------------+----------+-----
Crossbows      | 1 |  1.7
Stealth        | 1 2 |  2.0
Dodging        | 5 |  5.0
Fighting       | |  2.8
Short Blades   | |  3.4

Action                   || total
-------------------------++-------
Melee: Short sword       ||    24
Invok: Berserk           ||     2
  Use: Scroll            ||     3
       Potion            ||     2
Armor: Animal skin       ||    20
Dodge: Dodged            ||   160

Vault maps used:
D:1:      nzn_arrival_settlement
D:2:      minmay_split_cup_large, uniq_crazy_yiuf_cottage
D:3:      nicolae_qazlal_general_emergency, gup_sewer_entry_spiral,
          grunt_ministairs_5, uniq_robin
D:4:      first_ration, serial_shops, shop_fountains
